 Dungeon Crawl Stone Soup version 0.28-a0-863-g8cecda6153 (webtiles) character file.

Game seed: 1210391561736099154

109 ders the Digger (level 4, 0/24 HPs)
             Began as a Gargoyle Earth Elementalist on Nov 16, 2021.
             Slain by Sigmund (9 damage)
             ... on level 3 of the Dungeon.
             The game lasted 00:02:40 (2277 turns).

ders the Digger (Gargoyle Earth Elementalist)       Turns: 2277, Time: 00:02:41

Health: 0/24       AC:  5    Str: 12    XL:     4   Next: 90%
Magic:  3/7        EV: 12    Int: 16    God:
Gold:   79         SH:  0    Dex: 10    Spells: 4/8 levels left

rFire   . . .      SeeInvis .   i - +2 dagger (flame)
rCold   . . .      Faith    .   (no shield)
rNeg    + . .      Spirit   .   b - +0 robe
rPois   ∞          Reflect  .   (no helmet)
rElec   +          Harm     .   (no cloak)
rCorr   .          Rampage  .   (no gloves)
Will    .....                   (no boots)
Stlth   ++........              (no amulet)
HPRegen 0.08/turn               (no ring)
MPRegen 0.10/turn               (no ring)

@: no status effects
A: sickness immunity, AC +3, negative energy resistance 1, electricity
resistance, torment resistance 1, petrification resistance
a: no special abilities


You were on level 3 of the Dungeon.
You visited 1 branch of the dungeon, and saw 3 of its levels.

You collected 79 gold pieces.

Inventory:

Hand Weapons
 i - a +2 dagger of flaming (weapon)
Missiles
 c - 10 stones
Armour
 b - a +0 robe (worn)
Jewellery
 k - a +6 ring of strength
Wands
 g - a wand of mindburst (10)
Scrolls
 a - a scroll of teleportation {unknown}
 d - a scroll of enchant weapon {unknown}
 h - a scroll of amnesia {unknown}
 j - a scroll of blinking {unknown}
Potions
 e - a potion of flight {unknown}
 f - a potion of might {unknown}


   Skills:
 + Level 2.1 Dodging
 + Level 3.1 Stealth
 + Level 2.6 Spellcasting
 * Level 1.0 Conjurations
 + Level 1.6 Transmutations
 + Level 4.3 Earth Magic


You had 4 spell levels left.
You knew the following spells:

 Your Spells              Type           Power      Damage    Failure   Level
a - Sandblast             Erth           30%        2d9       3%          1
b - Stone Arrow           Conj/Erth      20%        3d8       21%         3

Your spell library contained the following spells:

 Spells                   Type           Power      Damage    Failure   Level
 Passwall                 Tmut/Erth      9%         N/A       9%          2
 Petrify                  Tmut/Erth      11%        N/A       50%         4


Dungeon Overview and Level Annotations

Branches:
Dungeon (3/15)

Altars:

Shops:
D:2 !

Annotations:
D:3 Sigmund


Innate Abilities, Weirdness & Mutations

You are immune to sickness and miasma.
Your stone body is resilient. (AC +3)
You are immune to poison.
You resist negative energy. (rN+)
You are resistant to electric shocks. (rElec)
You are resistant to unholy torment.
You are immune to petrification.


Message History

Sigmund is nearby!
Unknown command.
Sigmund casts a spell at you. The magic dart hits you.
Casting: Sandblast (safe; 3% risk of failure)
Confirm with . or Enter, or press ? or * to list all spells.
You can't see any susceptible monsters within range! (Use Z to cast anyway.) Unknown command.
Casting: Sandblast (safe; 3% risk of failure)
Confirm with . or Enter, or press ? or * to list all spells.
You can't see any susceptible monsters within range! (Use Z to cast anyway.) Unknown command.
Sigmund casts a spell at you. The magic dart hits you.
Casting: Sandblast (safe; 3% risk of failure)
Confirm with . or Enter, or press ? or * to list all spells.
The spell is extremely dangerous to cast (21% risk of failure)!
Continue anyway?
Aiming: Stone Arrow (extremely dangerous; 21% risk of failure)
Press: ? - help, Shift-Dir - straight line, f - Sigmund
Aim: Sigmund, wielding a +0 scythe and wearing a +0 robe (64% to hit)
The stone arrow hits Sigmund!
Sigmund is heavily wounded.
Sigmund points at you and mumbles some strange words.
You are confused.
You're too confused to cast spells.
You bump into the rock wall.
Sigmund hits you from afar with a +0 scythe!
You bump into the rock wall.
You bump into the rock wall.
You feel less confused. Sigmund hits you but does no damage.
Casting: Stone Arrow (extremely dangerous; 21% risk of failure)
Confirm with . or Enter, or press ? or * to list all spells.
Aiming: Sandblast (safe; 3% risk of failure)
Press: ? - help, Shift-Dir - straight line, f/p - Sigmund
Aim: Sigmund, wielding a +0 scythe and wearing a +0 robe (heavily wounded, 77% to hit)
The blast of sand hits Sigmund.
Sigmund is severely wounded.
Sigmund hits you from afar with a +0 scythe!
You die...

#.........#########.###
#.#.#####.# #.# #.#.#
#># #.# #.#.# #.### #.#
#.#.# #... #.### #.#.#
#..# .#... #.#.# #..#
###.# #...#####..# #
#.....@.@..#
#.########.# .. #.# #.#
.. #.# #.# .. #.# #.#
#. #.# #.# #. #.# #@# #
#. #.########.#
#.##.##. .........##
#.......


You could see Sigmund.

Vanquished Creatures
  Jessica (D:2)
  An iguana (D:3)
  2 adders (D:3)
  A worm (D:2)
  5 ball pythons
  5 endoplasms (D:1)
  4 giant cockroaches
  4 goblins
  2 hobgoblins
  2 jackals (D:2)
  A quokka (D:1)
  3 bats
  A frilled lizard (D:1)
  3 kobolds
  3 rats
38 creatures vanquished.

Notes
Turn   | Place    | Note
-------+----------+-------------------------------------------
     0 | D:1      | ders the Gargoyle Earth Elementalist began the quest for
                  | the Orb.
     0 | D:1      | Reached XP level 1. HP: 10/10 MP: 3/3
   211 | D:1      | Found a faded altar of an unknown god.
   219 | D:1      | Reached skill level 1 in Transmutations
   219 | D:1      | Reached XP level 2. HP: 15/15 MP: 1/5
   274 | D:1      | You fall into a shaft and drop 1 floor!
  1006 | D:2      | Reached XP level 3. HP: 19/19 MP: 4/6
  1010 | D:2      | Learned a level 3 spell: Stone Arrow
  1098 | D:2      | Reached skill level 4 in Earth Magic
  1208 | D:2      | Found Gateun's Distillery.
  1549 | D:2      | Noticed Jessica
  1555 | D:2      | Killed Jessica
  1556 | D:2      | Reached XP level 4. HP: 24/24 MP: 1/7
  2182 | D:3      | Reached skill level 1 in Conjurations
  2249 | D:3      | Noticed Sigmund
  2277 | D:3      | Slain by Sigmund

Illustrated notes

Levels and vault maps discovered:
D:1:      sevenhm_arrival_forest_fort_large_2, layout_basic,
          ebering_ecumenical_altar_box, ebering_dispersal_statue_hall
D:2:      layout_basic, serial_shops, nicolae_diamond_shop,
          minmay_stone_trees_medium, uniq_jessica
D:3:      layout_loops_ring, uniq_sigmund

Skill      XL: |  1  2  3  4 |
---------------+-------------+-----
Transmutations | 1 |  1.6
Earth Magic    | 4 |  4.3
Dodging        | 2 |  2.1
Stealth        | 3 |  3.1
Conjurations   | 1 |  1.0
Spellcasting   | |  2.6

Action                   |  1- 3 |  4- 6 || total
-------------------------+-------+-------++-------
 Cast: Sandblast         |    44 |    12 ||    56
       Stone Arrow       |       |     1 ||     1
Armor: Robe              |     3 |     2 ||     5
Dodge: Dodged            |     9 |     2 ||    11

Table legend: (Time is in decaauts)
 A = Elapsed time spent in this place.
 B = Non-inter-level travel time spent in this place.
 C = Inter-level travel time spent in this place.
 D = Time resting spent in this place.
 E = Time spent auto-exploring this place.
 F = Levels seen in this place.
 G = Mean time per level.
                   A        B        C        D        E       F      G
               +--------+--------+--------+--------+--------+-----+--------+
         Total |   2277 |   2191 |     86 |    532 |   1426 |   3 |  759.0 |
       Dungeon |   2277 |   2191 |     86 |    532 |   1426 |   3 |  759.0 |
               +--------+--------+--------+--------+--------+-----+--------+

Top non-repeatable levels by time:
     D:1: 991 daAuts
     D:2: 724 daAuts
     D:3: 560 daAuts
